 Dungeon Crawl Stone Soup version 0.31-a0-1321-g5021b54cb2 (webtiles) character file.

Game seed: 14312872856645631978

30 snarfax the Ruffian (level 3, 0/10 HPs)
             Began as a Troll Berserker on Dec 20, 2023.
             Was a Follower of Trog.
             Slain by a worm (10 damage)
             ... on level 2 of the Dungeon.
             The game lasted 00:02:19 (744 turns).

snarfax the Ruffian (Troll Berserker)                Turns: 744, Time: 00:02:20

Health: 0/10       AC:  2    Str: 27    XL:     3   Next: 3%
Magic:  2/2        EV: 14    Int:  3    God:    Trog [*.....]
Gold:   26         SH:  0    Dex:  9    Spells: 2/2 levels left

rFire   . .          .
                       - Unarmed
rCold   . . .        (shield currently unavailable)
rNeg    . . .        a - melded +0 animal skin
rPois   .            (helmet restricted)
rElec   .            (no cloak)
rCorr   .            (gloves unavailable)
SInv    .            (boots unavailable)
Will    .....        (no amulet)
Stlth   +            (no ring)
HPRegen 1.01/turn    (no ring)
MPRegen 0.08/turn

%: no passive effects
@: flux-form, glowing
A: glow, contaminating, reduced hp, large, unfitting armour, claws 3,
regeneration 1, shaggy fur 1, tough skin 1
a: Begin Untransformation, Renounce Religion, Berserk


You were on level 2 of the Dungeon.
You worshipped Trog.
Trog was aware of your devotion.
You were something dangerously unstable.
You visited 1 branch of the dungeon, and saw 2 of its levels.

You collected 26 gold pieces.

Inventory:

Armour
 a - a +0 animal skin (melded)
Talismans
 d - a flux talisman (active)
Scrolls
 b - a scroll of teleportation {unknown}
 c - a scroll of identify {unknown}
Potions
 e - 2 potions of attraction {unknown}
 f - a potion of invisibility {unknown}
 g - a potion of curing {unknown}


   Skills:
 - Level 2.4 Fighting
 + Level 2.8 Dodging
 * Level 3.8 Unarmed Combat


You had 2 spell levels left.
You didn't know any spells.
Your spell library was empty.

Dungeon Overview and Level Annotations

Branches:
Dungeon (2/15)

Altars:


Innate Abilities, Weirdness & Mutations

You are something dangerously unstable.
You glow with magical radiation, making you easy to see and hit.
Foes you strike become dangerously contaminated with magical radiation.
Your maximum health is decreased, since you lack skill for your form.
You are incapable of wielding weapons or throwing items.
You are too large for most types of armour.
You have claws for hands.
Your natural rate of healing is unusually fast.
You are covered in fur. (AC +1)
You have tough skin. (AC +1)


Message History

You see here a quokka corpse.
A ball python comes into view.
The ball python hisses angrily.
You see here a bubbling black potion.
Found 8 gold pieces.
You barely miss the ball python. The ball python barely misses you.
You scratch the ball python.
The ball python begins to glow.
The ball python is heavily wounded.
The ball python bites you but does no damage.
The ball python barely misses you.
You scratch the ball python.
You kill the ball python!
Trog accepts your kill.
No target in view!
g - a bubbling black potion You see here a ball python corpse.
You now have 26 gold pieces (gained 8).
Found 7 stones.
A rat and a quokka come into view.
The rat squeaks loudly.
A worm comes into view.
The rat misses you.
You scratch the rat.
You kill the rat!
Trog accepts your kill.
You have reached level 3!
Your experience leads to an increase in your attributes!
Increase (S)trength, (I)ntelligence, or (D)exterity?
You feel stronger. x3
You claw the quokka!
You kill the quokka!
Trog accepts your kill. The worm bites you.
You scratch the worm.
The worm begins to glow.
The worm is lightly wounded.
You scratch the worm.
The worm glows dangerously bright.
The worm is heavily wounded.
The worm bites you!
Ouch! That really hurt!
You die...

...#...###.#.#
...#...###.#.#
...........#.#
....)..###...# .
...##.####.###########..
...##.†.##..............
#######.##.###.......#
#......+...(...#
####.###..p....# ..#
#...w...# ...# #.......#
....# #.......# ......
........#
#########.#..#### #.....
######


You could see a worm (heavy contam).

Vanquished Creatures
  An adder (D:1)
  2 endoplasms (D:1)
  A giant cockroach (D:1)
  2 hobgoblins (D:1)
  3 quokkas
  2 ball pythons
  A bat (D:1)
  4 frilled lizards
  2 kobolds (D:1)
  3 rats
21 creatures vanquished.

Notes
Turn   | Place    | Note
-------+----------+-------------------------------------------
     0 | D:1      | snarfax the Troll Berserker began the quest for the Orb.
     0 | D:1      | Reached XP level 1. HP: 22/22 MP: 0/0
   214 | D:1      | Reached XP level 2. HP: 29/29 MP: 1/1
   674 | D:2      | Found a faded altar of an unknown god.
   739 | D:2      | Reached XP level 3. HP: 10/36 MP: 2/2
   744 | D:2      | Slain by a worm

Illustrated notes

Levels and vault maps discovered:
D:1:      dpeg_arrival_refuge, layout_basic
D:2:      layout_basic, hellmonk_ecumenical_altar_pennies_from_heaven

Action                     || total
---------------------------++-------
  Melee: Unarmed           ||    62
         Punch             ||     1
   Stab: Sleeping          ||     1
 Armour: Animal skin       ||    14
         Skin              ||     5
  Dodge: Dodged            ||    37
   Form: Flux              ||     1

Table legend: (Time is in decaauts)
 A = Elapsed time spent in this place.
 B = Non-inter-level travel time spent in this place.
 C = Inter-level travel time spent in this place.
 D = Time resting spent in this place.
 E = Time spent auto-exploring this place.
 F = Levels seen in this place.
 G = Mean time per level.
                   A        B        C        D        E       F      G
               +--------+--------+--------+--------+--------+-----+--------+
         Total |    740 |    729 |     11 |      0 |    555 |   2 |  370.0 |
       Dungeon |    740 |    729 |     11 |      0 |    555 |   2 |  370.0 |
               +--------+--------+--------+--------+--------+-----+--------+

Top non-repeatable levels by time:
     D:1: 656 daAuts
     D:2: 84 daAuts
